 Dungeon Crawl Stone Soup version 0.20-a0-1109-ge3cd172 (webtiles) character file.

200 Rrauwl the Grave Robber (level 5, 0/57 HPs)
             Began as a Demonspawn Necromancer on May 4, 2017.
             Slain by Grinder (2 damage)
             ... while paralysed by Grinder
             ... on level 3 of the Dungeon.
             The game lasted 00:12:02 (2413 turns).

Rrauwl the Grave Robber (Demonspawn Necromancer)    Turns: 2413, Time: 00:12:02

Health: 0/57       AC:  6    Str: 14    XL:     5   Next: 48%
Magic:  6/8        EV:  2    Int: 16    God:
Gold:   117        SH:  0    Dex: 22    Spells: 4/8 levels left

rFire    + . .     SeeInvis .   a - +0 spear
rCold    + . .     Gourm    +   (no shield)
rNeg     . . .     Faith    .   e - +0 robe
rPois    +         Spirit   .   (no helmet)
rElec    +         Reflect  .   (no cloak)
rCorr    +         Harm     .   (no gloves)
MR       .....                  n - +0 pair of boots
Stlth    ..........             j - amulet of the gourmand
Regen    0.2/turn               f - +3 ring of dexterity
MPRegen  0.2/turn               (no ring)

@: paralysed, agile, berserking (expiring), resistant (expiring)
A: claws 1, molten scales 2
a: no special abilities


You were on level 3 of the Dungeon.
You were very full.

You visited 1 branch of the dungeon, and saw 3 of its levels.

You collected 117 gold pieces.

Inventory:

Hand Weapons
 a - a +0 spear (weapon)
 b - a +0 hunting sling
Missiles
 o - 5 stones (quivered)
 q - 19 sling bullets
Armour
 e - a +0 robe (worn)
 n - a +0 pair of boots (worn)
Jewellery
 f - a +3 ring of dexterity (left claw)
 j - an amulet of the gourmand (around neck)
Scrolls
 d - 4 scrolls of identify {unknown}
 h - 2 scrolls of teleportation {unknown}
 p - a scroll of enchant armour {unknown}
 s - a scroll of enchant weapon {unknown}
 t - a scroll of remove curse {unknown}
Potions
 r - a potion of flight {unknown}
 v - 2 potions of curing
Books
 l - a book of Necromancy

   Spells                             Type                      Level
   a - Pain                           Necromancy                   1
   b - Animate Skeleton               Necromancy                   1
   c - Vampiric Draining              Necromancy                   3
   d - Regeneration                   Charms/Necromancy            3
   e - Animate Dead                   Necromancy                   4
   f - Control Undead                 Necromancy                   4
Comestibles
 c - 4 bread rations
 k - 2 meat rations


   Skills:
 - Level 2.0 Fighting
 - Level 2.0 Dodging
 - Level 2.0 Stealth
 + Level 2.0 Spellcasting
 - Level 2.1 Charms
 + Level 6.1 Necromancy


You had 4 spell levels left.
You knew the following spells:

 Your Spells              Type           Power        Failure   Level  Hunger
a - Pain                  Necr           ###.         1%          1    #......
b - Regeneration          Chrm/Necr      ##........   12%         3    ###....


Dungeon Overview and Level Annotations

Branches:
Dungeon (3/15)

Altars:
Dithmenos

Annotations:
D:3 Grinder


Innate Abilities, Weirdness & Mutations

You have sharp fingernails.
You are mostly covered in molten scales. (AC +3)


Message History

It was a potion of berserk rage.
A red film seems to cover your vision as you go berserk!
You feel yourself moving faster!
You feel mighty! Grinder gestures at you.
You suddenly lose the ability to move!
Your skin stops crawling.
Grinder hits you!
* * * LOW HITPOINT WARNING * * *
You writhe in agony.
* * * LOW HITPOINT WARNING * * *
Grinder hits you but does no damage. Grinder hits you.
* * * LOW HITPOINT WARNING * * *
You writhe in agony.
* * * LOW HITPOINT WARNING * * *
You start to feel less resistant.
Grinder hits you.
* * * LOW HITPOINT WARNING * * *
You writhe in agony.
You die...

#... ###########...
#.........#... #######
#.........'... .(.....
#.....>...#... .(.....
#.........#... .....(.
#.........####
.((....#####........)####
((.....5@............'...
.......#####.........###.
.......#####.........# #.
####........##'####### #.
#........##.....# #†
#........######.#####.
.>....................
#........####..........
.......#.............


You could see Grinder.

Vanquished Creatures
  2 orc wizards (D:3)
  Jessica (D:3)
  5 adders
  A shadow imp (D:3)
  A worm (D:2)
  A dart slug (D:1)
  A leopard gecko (D:3)
  6 orcs
  A ball python (D:1)
  A giant cockroach (D:1)
  9 goblins
  3 hobgoblins (D:2)
  2 jackals (D:1)
  A quokka (D:3)
  5 bats
  2 frilled lizards (D:1)
  6 kobolds
  6 rats
54 creatures vanquished.

Notes
Turn   | Place    | Note
-------+----------+-------------------------------------------
     0 | D:1      | Rrauwl the Demonspawn Necromancer began the quest for the Orb.
     0 | D:1      | Reached XP level 1. HP: 13/13 MP: 3/3
   286 | D:1      | Gained mutation: You have sharp fingernails. [demonic ancestry]
   286 | D:1      | Reached XP level 2. HP: 19/19 MP: 5/5
   684 | D:2      | Reached skill level 1 in Fighting
   860 | D:2      | Reached skill level 5 in Necromancy
   860 | D:2      | Gained mutation: You are partially covered in molten scales. (AC +2) [demonic ancestry]
   860 | D:2      | Reached XP level 3. HP: 20/26 MP: 2/6
  1592 | D:2      | Learned a level 3 spell: Regeneration
  1796 | D:3      | Gained mutation: You are mostly covered in molten scales. (AC +3) [demonic ancestry]
  1796 | D:3      | Reached XP level 4. HP: 32/33 MP: 4/7
  1829 | D:3      | Found a shadowy altar of Dithmenos.
  1932 | D:3      | Reached skill level 1 in Charms
  2040 | D:3      | Reached XP level 5. HP: 32/38 MP: 3/8
  2109 | D:3      | Noticed Jessica
  2130 | D:3      | Killed Jessica
  2312 | D:3      | Reached skill level 6 in Necromancy
  2364 | D:3      | Noticed Grinder
  2409 | D:3      | Paralysed by Grinder for 5 turns
  2413 | D:3      | HP: 2/57 [Grinder (2)]
  2413 | D:3      | Slain by Grinder

Vault maps used:
D:1:      matt_arrival_grand_opening, minmay_statues_item, columned_hall_lemuel
D:2:      serial_forest, infiniplex_forest_lined_3,
          infiniplex_forest_lined_corner, infiniplex_forest_lined_3,
          infiniplex_forest_straight_3, infiniplex_forest_clump_diagonal,
          infiniplex_forest_straight_5, infiniplex_forest_lined_3_way,
          infiniplex_forest_clump_double, first_bread
D:3:      kiku_gazebo_pond_becter, grunt_dithmenos_smoke_and_mirrors,
          uniq_grinder, uniq_jessica

Skill      XL: |  1  2  3  4  5 |
---------------+----------------+-----
Dodging        | 2 |  2.0
Stealth        | 2 |  2.0
Fighting       | 1 2 |  2.0
Necromancy     | 5 6 |  6.1
Charms         | 1 2 |  2.1
Spellcasting   | |  2.0

Action                   |  1- 3 |  4- 6 || total
-------------------------+-------+-------++-------
Melee: Unarmed           |    11 |       ||    11
       Spear             |    58 |    24 ||    82
 Fire: Hunting sling     |    51 |    48 ||    99
 Cast: Pain              |    29 |    23 ||    52
       Regeneration      |       |     1 ||     1
  Use: Potion            |       |     4 ||     4
 Stab: Sleeping          |     8 |       ||     8
  Eat: Chunk             |    15 |     1 ||    16
Armor: Robe              |    11 |    11 ||    22
       Skin              |       |    11 ||    11
Dodge: Dodged            |    37 |    28 ||    65
